 Dungeon Crawl Stone Soup version 0.19-a0-2-g57af7d0 (webtiles) character file.

11186 Icer the Blocker (level 11, -5/104 HPs)
             Began as a Minotaur Fighter on Apr 27, 2016.
             Was a Believer of Elyvilon.
             Slain by a sun demon (12 damage)
             ... summoned by an orc sorcerer
             ... on level 1 of the Orcish Mines.
             The game lasted 01:53:40 (12628 turns).

Icer the Blocker (Minotaur Fighter)                Turns: 12628, Time: 01:53:42

Health: -5/104     AC: 26    Str: 23    XL:     11   Next: 46%
Magic:  6/10       EV: 11    Int:  5    God:    Elyvilon [**....]
Gold:   717        SH: 13    Dex: 20    Spells: 0 memorised, 10 levels left

rFire  . . .     SeeInvis .     h - +5 morningstar (protect)
rCold  . . .     Gourm    .     e - +0 plate armour
rNeg   + . .     Faith    .     c - +0 shield
rPois  .         Spirit   .     (helmet restricted)
rElec  .         Dismiss  .     m - +0 cloak
rCorr  .         Reflect  .     b - +0 pair of gloves of the Last Places {rN+ Dex+6}
SustAt .         Harm     .     (no boots)
MR     .....     Clarity  +     (no amulet)
Stlth  ..........               q - ring of flight
                                f - +3 ring of dexterity

@: drained, not resistant to hostile enchantments, extremely unstealthy
A: retaliatory headbutt, horns 2, rugged brown scales 1, yellow scales 1,
clarity, mutation resistance 1
a: Lesser Healing, Heal Other, Divine Protection, Renounce Religion, Evoke
Flight


You were on level 1 of the Orcish Mines.
You worshipped Elyvilon.
Elyvilon was pleased with you.
You were not hungry.

You visited 3 branches of the dungeon, and saw 13 of its levels.

You collected 1248 gold pieces.
You spent 531 gold pieces at shops.

Inventory:

Hand Weapons
 a - a +0 flail
 h - a +5 morningstar of protection (weapon)
 j - a +0 flail
 k - a +0 scythe of protection
 p - a +3 flail of draining
 r - a +0 whip
 u - a +1 hunting sling of evasion
 v - a +0 whip
 w - the +5 whip of the Dungeon {vamp, +Inv Int+2 Dex+5}
   (You found it on level 9 of the Dungeon)

   It inflicts no extra harm, but heals its wielder somewhat when it strikes a
   living foe.
   It affects your intelligence (+2).
   It affects your dexterity (+5).
   It lets you turn invisible.
   Elyvilon disapproves of the use of such an item.
 I - a +1 flail of draining
 K - a +0 quarterstaff of freezing
 M - a +1 mace of protection
Missiles
 g - 16 tomahawks (quivered)
Armour
 b - the +0 pair of gloves of the Last Places (worn) {rN+ Dex+6}
   (You bought it in a shop on level 1 of the Orcish Mines)

   It affects your dexterity (+6).
   It protects you from negative energy.
 c - a +0 shield (worn)
 e - a +0 plate armour (worn)
 m - a +0 cloak (worn)
 y - the +2 pair of gloves of Luf Zup {Int+4}
   (You found it on level 4 of the Dungeon)

   It affects your intelligence (+4).
 D - a +0 large shield
 L - a +1 robe of cold resistance
Rods
 E - a +0 rod of ignition (10/10)
   (You took it off an orc on level 7 of the Dungeon)
Jewellery
 f - a +3 ring of dexterity (left hand)
 q - a ring of flight (right hand)
 z - an uncursed ring of ice
 B - an uncursed ring of ice
 C - an uncursed ring of protection from cold
Wands
 n - a wand of flame (4/48)
 H - a wand of flame (34/48)
 J - a wand of paralysis (6/24)
Scrolls
 l - a scroll of identify
 t - 3 scrolls of remove curse
 F - a scroll of random uselessness
 G - 4 scrolls of noise
Potions
 i - a potion of cure mutation
 o - a potion of brilliance
 s - a potion of magic
 A - 3 potions of ambrosia
Books
 d - a book of Spatial Translocations

   Spells                             Type                      Level
   a - Apportation                    Translocation                1
   b - Blink                          Translocation                2
   c - Shroud of Golubria             Charms/Translocation         2
   d - Portal Projectile              Translocation                3
   e - Teleport Other                 Translocation                3
   f - Passage of Golubria            Translocation                4
Comestibles
 x - 6 chunks of flesh


   Skills:
 * Level 10.5(10.4) Fighting
 + Level 9.0(8.9) Maces & Flails
 - Level 11.3(11.2) Armour
 * Level 7.1 Dodging
 - Level 11.7 Shields


You had 10 spell levels left.
You didn't know any spells.

Dungeon Overview and Level Annotations

Branches:
Dungeon (10/15)            Temple (1/1) D:4             Orc (2/2) D:9
    Elf (0/3) Orc:2
   Lair: D:8-11

Altars:
Ashenzari
Cheibriados
Dithmenos
Elyvilon
Fedhas
Gozag
Kikubaaqudgha
Makhleb
Nemelex Xobeh
Pakellas
Qazlal
Ru
Sif Muna
Trog
Vehumet
Xom
Yredelemnul
The Shining One
Beogh

Shops:
D:7 (   D:9 !   Orc:1 [

Annotations:
D:8 Strat's ghost, novice DrIE
D:9 4 runed doors
D:10 Iamsock's ghost, journeyman DsFi


Innate Abilities, Weirdness & Mutations

You reflexively headbutt those who attack you in melee.
You have a pair of horns on your head.
You are partially covered in rugged brown scales (AC +1, +3% HP).
You are partially covered in yellow scales (AC +2).
You possess an exceptional clarity of mind.
You are somewhat resistant to further mutation.


Message History

The sun demon hits you.
* * * LOW HITPOINT WARNING * * *
You are engulfed in flames!
Elyvilon protects you from harm!
You can move again.
You are healed.
You feel somewhat more hungry.
The orc sorcerer hits you but does no damage.
You block the sun demon's attack.
You miss the orc sorcerer.
The orc sorcerer points at you and mumbles some strange words.
You resist with significant effort.
The sun demon hits you but does no damage.
You puncture the orc sorcerer! Your headbutt misses the orc sorcerer.
The orc sorcerer is heavily wounded.
The orc sorcerer casts a spell at you. The bolt of fire hits you!
* * * LOW HITPOINT WARNING * * *
The bolt of fire hits the sun demon.
The sun demon completely resists.
The sun demon hits you!
You die...

.......#.....### #.............
.#.##..##......## ###........##.#
####.......#....###.#......###...
#.....[..#.....#............#..
####.........>...................
#.#.....[.......3.....#.....^....
........).......##..............#
#.#..[.).......#.................
##...(<.....).)3@o.............>.
##.#.[.....[>...........#.......
####......(..........#.........##
#.###..........#....#....#.......
...##.#........###.#......#......
..##.......##.....#..............
####.......#.......#............#
###.#.........#8.8.8#............
.#............#.⌠.⌠.....#.......#


You could see a sun demon and an orc sorcerer.

Vanquished Creatures
  Fannar (Orc:1)
  A centaur warrior (D:10)
  An orc knight (Orc:2)
  A hill giant (D:10)
  A cyclops (Orc:1)
  The ghost of dualclasshuman the Skirmisher, an amateur OgFi (D:4)
  3 trolls
  A two-headed ogre (Orc:2)
  Sigmund (D:6)
  A vampire (D:10)
  5 yaks
  2 wyverns
  The ghost of Icer the Ruffian, an amateur MiMo (D:3)
  The ghost of Storm1025 the Skirmisher, an amateur DsFi (D:5)
  3 hungry ghosts
  Menkaure (D:5)
  8 orc warriors
  5 sky beasts
  5 phantoms
  A necrophage (D:7)
  7 ogres
  A centaur (D:7)
  A crocodile (D:10)
  A wyvern zombie (D:7)
  6 giant frogs
  A jelly (D:9)
  7 killer bees
  3 scorpions
  2 wights
  2 centaur zombies
  2 crimson imps (D:10)
  3 hounds
  3 centaur skeletons
  3 giant frog skeletons
  13 orc priests
  13 orc wizards
  3 iguanas
  5 worker ants
  A hound skeleton (D:7)
  A howler monkey zombie (D:7)
  5 gnolls
  10 adders
  2 shadow imps
  2 oozes
  2 adder skeletons (D:4)
  3 dart slugs
  3 worms
  3 giant geckos
  58 orcs
  2 ball pythons
  7 giant cockroaches
  4 goblins
  14 hobgoblins
  9 jackals
  12 kobolds
  A quokka (D:3)
  6 bats
  A giant gecko skeleton (D:9)
  A giant gecko zombie (D:6)
  2 giant newts
  3 rats
272 creatures vanquished.

Vanquished Creatures (others)
  A yak (D:6)
1 creature vanquished.

Grand Total: 273 creatures vanquished

Notes
Turn   | Place    | Note
--------------------------------------------------------------
     0 | D:1      | Icer the Minotaur Fighter began the quest for the Orb.
     0 | D:1      | Reached XP level 1. HP: 19/19 MP: 0/0
   228 | D:1      | Reached XP level 2. HP: 17/26 MP: 1/1
   415 | D:1      | Reached XP level 3. HP: 31/31 MP: 2/2
  1149 | D:2      | Reached XP level 4. HP: 39/39 MP: 3/3
  1167 | D:2      | Reached skill level 5 in Shields
  1375 | D:3      | Noticed Icer's ghost (amateur MiMo)
  1386 | D:3      | Killed Icer's ghost
  1386 | D:3      | Reached skill level 5 in Armour
  1386 | D:3      | Reached XP level 5. HP: 37/45 MP: 4/4
  1682 | D:3      | Found a sparkling altar of Nemelex Xobeh.
  1925 | D:3      | Reached XP level 6. HP: 51/51 MP: 5/5
  2474 | D:4      | Noticed dualclasshuman's ghost (amateur OgFi)
  2486 | D:4      | Killed dualclasshuman's ghost
  2486 | D:4      | Reached XP level 7. HP: 33/57 MP: 6/6
  2853 | D:4      | Found a shadowy altar of Dithmenos.
  2892 | D:4      | Reached skill level 5 in Maces & Flails
  2920 | D:4      | Found a staircase to the Ecumenical Temple.
  2929 | Temple   | Entered the Ecumenical Temple
  3023 | Temple   | Became a worshipper of Elyvilon the Healer
  3442 | D:4      | Got a pair of distressingly furry gloves
  3443 | D:4      | Identified the +2 pair of gloves of Luf Zup {Int+4} (You found it on level 4 of the Dungeon)
  3499 | D:5      | Entered Level 5 of the Dungeon
  3510 | D:5      | Found a shimmering altar of Xom.
  3517 | D:5      | Noticed Storm1025's ghost (amateur DsFi)
  3517 | D:5      | Found a shimmering altar of Xom.
  3517 | D:5      | Found a shimmering altar of Xom.
  3534 | D:5      | Killed Storm1025's ghost
  3534 | D:5      | Reached XP level 8. HP: 44/64 MP: 7/7
  3586 | D:5      | Found a snail-covered altar of Cheibriados.
  3804 | D:5      | Reached * piety under Elyvilon
  3911 | D:5      | Found a shimmering altar of Xom.
  3911 | D:5      | Found a shimmering altar of Xom.
  3920 | D:5      | Found a bloodstained altar of Trog.
  4366 | D:5      | Found a glowing golden altar of the Shining One.
  4372 | D:5      | Noticed Menkaure
  4853 | D:6      | Found a basalt altar of Yredelemnul.
  4917 | D:6      | Reached ** piety under Elyvilon
  4926 | D:6      | Found an oddly glowing altar of Pakellas.
  4926 | D:6      | Noticed an orange crystal statue
  4952 | D:6      | Found a shattered altar of Ashenzari.
  4964 | D:6      | Noticed Sigmund
  5277 | D:7      | Reached XP level 9. HP: 39/70 MP: 8/8
  5496 | D:7      | Reached skill level 10 in Shields
  5729 | D:7      | Found Ofeor's Weapon Shop.
  5792 | D:7      | Found a burning altar of Makhleb.
  5876 | D:7      | Reached skill level 10 in Armour
  5989 | D:6      | Killed Sigmund
  6005 | D:6      | Found a stormy altar of Qazlal.
  6078 | D:6      | Found a glowing golden altar of the Shining One.
  6678 | D:5      | Killed Menkaure
  7072 | D:8      | Noticed Strat's ghost (novice DrIE)
  7612 | D:9      | Gained mutation: You are somewhat resistant to further mutation. [potion of mutation]
  7650 | D:9      | Found Fod Cem's Distillery.
  7688 | D:10     | Entered Level 10 of the Dungeon
  8108 | D:9      | Found a bloodstained altar of Trog.
  8117 | D:9      | Got a fine whip
  8118 | D:9      | Identified the +5 whip of the Dungeon {vamp, +Inv Int+2 Dex+5} (You found it on level 9 of the Dungeon)
  8161 | D:9      | Found a staircase to the Orcish Mines.
  8784 | D:9      | Elyvilon protects you from harm!
  8808 | D:8      | HP: 2/70 [Strat's ghost/puff of frost (11)]
  9265 | D:9      | Bought 2 potions of curing for 78 gold pieces
  9265 | D:9      | Bought a potion of heal wounds for 65 gold pieces
  9265 | D:9      | Bought a potion of curing for 39 gold pieces
  9378 | D:9      | Reached XP level 10. HP: 77/77 MP: 9/9
  9485 | D:9      | Found an ancient bone altar of Kikubaaqudgha.
  9671 | D:9      | Reached skill level 1 in Dodging
  9686 | D:9      | Reached skill level 5 in Fighting
 10301 | D:10     | Noticed a hill giant
 10412 | D:9      | Gained mutation: You are partially covered in yellow scales (AC +2). [mutagenic meat]
 10414 | D:9      | Gained mutation: You are partially covered in rugged brown scales (AC +1, +3% HP). [mutagenic meat]
 10416 | D:9      | Gained mutation: You possess an exceptional clarity of mind. [mutagenic meat]
 10510 | D:9      | Found a huge runed gate.
 10510 | D:9      | Found a huge runed gate.
 10510 | D:9      | Found a huge runed gate.
 10510 | D:9      | Found a huge runed gate.
 10511 | D:9      | Noticed a griffon
 10695 | D:10     | Killed a hill giant
 10963 | D:10     | Noticed Iamsock's ghost (journeyman DsFi)
 10964 | D:10     | Noticed a centaur warrior
 10974 | D:10     | Killed a centaur warrior
 10974 | D:10     | Reached skill level 5 in Dodging
 10974 | D:10     | Reached XP level 11. HP: 99/99 MP: 10/10
 11279 | Orc:1    | Entered Level 1 of the Orcish Mines
 11306 | Orc:1    | Noticed Fannar
 11307 | Orc:1    | Found Sualuq's Antique Armour Shoppe.
 11348 | Orc:1    | Killed Fannar
 11478 | Orc:1    | Bought a pair of ancient gloves for 237 gold pieces
 11478 | Orc:1    | Bought a large shield for 112 gold pieces
 11524 | Orc:1    | Identified the +0 pair of gloves of the Last Places {rN+ Dex+6} (You bought it in a shop on level 1 of the Orcish Mines)
 11770 | Orc:2    | Entered Level 2 of the Orcish Mines
 11887 | Orc:2    | Found a roughly hewn altar of Beogh.
 11949 | Orc:2    | Found a staircase to the Elven Halls.
 11951 | Orc:2    | Reached *** piety under Elyvilon
 11955 | Orc:2    | Noticed an orc knight
 11962 | Orc:2    | Reached skill level 10 in Fighting
 12238 | Orc:2    | Killed an orc knight
 12531 | Orc:2    | Noticed an orc high priest
 12532 | Orc:2    | Noticed an orc sorcerer
 12532 | Orc:2    | Noticed an orc knight
 12541 | Orc:2    | Noticed an orc warlord
 12544 | Orc:2    | Elyvilon protects you from harm!
 12547 | Orc:2    | HP: 5/104 [orc priest/divine providence (13)]
 12551 | Orc:2    | Noticed an orc knight
 12616 | Orc:1    | Noticed an orc sorcerer
 12617 | Orc:1    | Noticed a sun demon
 12621 | Orc:1    | Paralysed by an orc sorcerer for 5 turns
 12625 | Orc:1    | Elyvilon protects you from harm!
 12628 | Orc:1    | Slain by a sun demon

Vault maps used:
D:1:      minmay_arrival_widening_spiral_wide, minmay_box_of_dots
D:3:      nemelex_xobeh_ov_fountains_minmay
D:4:      nicolae_dithmenos_through_a_glass_darkly, minmay_temple_entry_statues,
          first_bread
D:5:      wad_lake_hut, tso_oasis_becter, kennysheep_slug_shrine, basic_altar,
          xom_redecorated, uniq_menkaure
D:6:      lemuel_crystal_altar, gammafunk_pakellas_statue_experiment,
          yredelemnul_altar_generic, old_standard_altar, basic_altar,
          sigmund_army, uniq_sigmund
D:7:      serial_shops, shop, makhleb_blood_cavern_becter
D:8:      zin_scriptorium, nicolae_overflow_crystal_walls, lair_0_dummy,
          serial_shops, shop, david_nohive_1, uniq_maurice
D:9:      lemuel_bear_cage, bloody_trog, kennysheep_mini_moat, serial_shops,
          shop
D:10:     hangedman_cross_cluster
Temple:   nicolae_temple_no_exploring_needed
Orc:1:    serial_shops, nicolae_shop_temple_entry_statues_fountains, uniq_fannar
Orc:2:    st_orc_congregation, minmay_orc_temple_a

Skill      XL: |  1  2  3  4  5  6  7  8  9 10 11 |
---------------+----------------------------------+-----
Armour         | 4 5 6 7 9 11 | 11.3
Shields        | 4 5 6 7 8 9 11 | 11.7
Maces & Flails | 3 4 5 6 7 8 9 |  9.0
Fighting       | 9 10 | 10.5
Dodging        | 5 7 |  7.1

Action                   |  1- 3 |  4- 6 |  7- 9 | 10-12 || total
-------------------------+-------+-------+-------+-------++-------
Melee: Flail             |    83 |   146 |   542 |   219 ||   990
       Headbutt          |     9 |    29 |   118 |   105 ||   261
       Morningstar       |       |       |       |   249 ||   249
Invok: Lesser Healing    |       |       |    28 |    45 ||    73
       Divine Protection |       |       |     2 |     1 ||     3
Evoke: Wand              |       |       |       |     1 ||     1
  Use: Scroll            |       |     4 |    16 |     6 ||    26
       Potion            |       |     1 |     6 |     5 ||    12
  Eat: Fruit             |       |     1 |     5 |       ||     6
       Bread ration      |       |     1 |     2 |       ||     3
       Meat ration       |       |       |     5 |       ||     5
       Chunk             |       |       |     3 |    27 ||    30
       Beef jerky        |       |       |     1 |       ||     1
       Pizza             |       |       |       |     2 ||     2
Armor: Plate armour      |    76 |   119 |   317 |   505 ||  1017
Dodge: Dodged            |    23 |    19 |   134 |   161 ||   337
Block: Shield            |    58 |   103 |   347 |   490 ||   998
